 Dungeon Crawl Stone Soup version 0.29-a0-998-g1987434951 (webtiles) character file.

Game seed: 4148919212051446188

26 Mesmaeker13 the Scratcher (level 2, 0/13 HPs)
             Began as a Felid Transmuter on Aug 5, 2022.
             Succumbed to an adder's poison
             ... on level 2 of the Dungeon.
             The game lasted 00:01:09 (1718 turns).

Mesmaeker13 the Scratcher (Felid Transmuter)        Turns: 1718, Time: 00:01:10

Health: 0/13       AC:  1    Str:  6    XL:     2   Next: 89%
Magic:  5/6        EV: 17    Int: 14    God:
Gold:   42         SH:  0    Dex: 16    Spells: 2/5 levels left
                                        Lives:  0   Deaths: 0

rFire   . . .      SeeInvis +     - Unarmed
rCold   . . .      Faith    .   (shield unavailable)
rNeg    . . .      Spirit   .   (body armour unavailable)
rPois   .          Reflect  .   (helmet unavailable)
rElec   .          Harm     .   (cloak unavailable)
rCorr   .          Rampage  .   (gloves unavailable)
Will    .....                   (boots unavailable)
Stlth   +.........              (no amulet)
HPRegen 0.04/turn               (no ring)
MPRegen 0.10/turn               (no ring)

@: lethally poisoned (0 -> -7), appendages (expiring), quick
A: horns 2, very small, claws 1, fangs 3, see invisible, speed 1, shaggy fur 1,
stealthy paws, no weapons or thrown items, no armour, multi-lived
a: End Transformation


You were on level 2 of the Dungeon.
You had temporarily grown beastly horns.
You visited 1 branch of the dungeon, and saw 2 of its levels.

You collected 42 gold pieces.

Inventory:

Scrolls
 b - a scroll of enchant weapon {unknown}
 d - a scroll of noise {unknown}
Potions
 a - a potion of lignification
 c - a potion of might {unknown}


   Skills:
 + Level 1.7 Fighting
 - Level 2.6 Dodging
 + Level 3.4 Unarmed Combat
 - Level 2.0 Spellcasting
 + Level 2.8 Transmutations


You had 2 spell levels left.
You knew the following spells:

 Your Spells              Type           Power      Damage    Failure   Level
a - Beastly Appendage     Tmut           18%        N/A       8%          1
b - Wereblood             Tmut           9%         N/A       11%         2

Your spell library contained the following spells:

 Spells                   Type           Power      Damage    Failure   Level
 Spider Form              Tmut/Pois      5%         N/A       36%         3
 Dazzling Flash           Conj/Hex       2%         N/A       56%         3
 Gell's Gravitas          Tloc           1%         N/A       56%         3
 Teleport Other           Tloc           1%         N/A       56%         3
 Ice Form                 Ice/Tmut       5%         N/A       78%         4
 Iskenderun's Mystic Bla  Conj/Tloc      1%         2d3       93%         4
 Dispersal                Tloc           0%         N/A       100%        6
 Starburst                Conj/Fire      0%         6d3       100%        6


Dungeon Overview and Level Annotations

Branches:
Dungeon (2/15)

Altars:

Shops:
D:1 [


Innate Abilities, Weirdness & Mutations

You have temporarily grown beastly horns.
You have sharp claws.
You have razor-sharp teeth.
You have supernaturally acute eyesight. (SInv)
You cover ground quickly. (Speed+)
You are covered in fur. (AC +1)
Your paws help you pounce on unaware monsters.
You are incapable of wielding weapons or throwing items.
You cannot wear armour.
You gain extra lives every three experience levels.


Message History

The bat barely misses you. The bat misses you.
You barely miss the bat.
The bat is severely wounded.
The bat hits you. The bat hits you but does no damage.
The bat completely misses you.
You scratch the bat.
You kill the bat!
No target in view!
You start resting.
Your horns disappear.
HP restored.
Found a faded altar of an unknown god.
An adder comes into view.
Memorise Wereblood, consuming 2 spell levels and leaving 2?
You start memorising the spell.
You continue memorising. x2
You finish memorising.
Spell assigned to 'b'.
Casting: Beastly Appendage (safe; 8% risk of failure)
Confirm with . or Enter, or press ? or * to list all spells.
You grow a pair of large bovine horns.
Your transformation is almost over.
The adder hisses angrily.
The adder bites you.
You are poisoned.
The adder poisons you!
You scratch the adder. Your headbutt misses the adder.
The adder is moderately wounded.
You feel sick. The adder bites you.
You are lethally poisoned!
The adder poisons you!
You scratch the adder. Your headbutt misses the adder.
The adder is severely wounded.
You feel sick. The adder bites you.
* * * LOW HITPOINT WARNING * * *
You scratch the adder but do no damage.
The adder is severely wounded.
* * * LOW HITPOINT WARNING * * *
You feel sick. The adder completely misses you.
You scratch the adder but do no damage. Your headbutt misses the adder.
The adder is severely wounded.
You die...

#.###... ##..#...# #
.......# .# #.##...##.#
## #.##....... .
#.###.<.......# .~$
#.....##.......
.~_$.#####.######.######
.$~$..S@#.#######.######
.....###................
... ##.#######.###### #
##.# #.# .# #.# .# #.#
.# #.# .. ... ## .#


You could see an adder.

Vanquished Creatures
  2 dart slugs (D:1)
  3 bats
  3 endoplasms
  2 goblins (D:1)
  3 hobgoblins
  2 quokkas (D:1)
  A ball python (D:1)
  3 frilled lizards (D:1)
  A kobold (D:1)
  A rat (D:1)
21 creatures vanquished.

Vanquished Creatures (others)
  A plant (D:1)
1 creature vanquished.

Grand Total: 22 creatures vanquished

Notes
Turn   | Place    | Note
-------+----------+-------------------------------------------
     0 | D:1      | Mesmaeker13 the Felid Transmuter began the quest for the
                  | Orb.
     0 | D:1      | Reached XP level 1. HP: 9/9 MP: 4/4
   489 | D:1      | Reached XP level 2. HP: 12/12 MP: 6/6
   993 | D:1      | Found Sesixt's Antique Armour Shoppe.
  1704 | D:2      | Found a faded altar of an unknown god.
  1711 | D:2      | Learned a level 2 spell: Wereblood
  1718 | D:2      | Succumbed to an adder's poison

Illustrated notes

Levels and vault maps discovered:
D:1:      nzn_arrival_depleted_hourglass, layout_basic, serial_shops,
          nicolae_shop_overgrown_old_shop, nicolae_titane
D:2:      layout_loops_ring, basic_altar,
          hellmonk_ecumenical_altar_pennies_from_heaven, serial_shops,
          nicolae_shop_bloodbath_and_beyond, minmay_close_crescents

Action                   || total
-------------------------++-------
Melee: Unarmed           ||    56
       Headbutt          ||    10
       Bite              ||     2
       Punch             ||     1
 Cast: Beastly Appendage ||    15
Armor: Skin              ||     5
Dodge: Dodged            ||    51

Table legend: (Time is in decaauts)
 A = Elapsed time spent in this place.
 B = Non-inter-level travel time spent in this place.
 C = Inter-level travel time spent in this place.
 D = Time resting spent in this place.
 E = Time spent auto-exploring this place.
 F = Levels seen in this place.
 G = Mean time per level.
                   A        B        C        D        E       F      G
               +--------+--------+--------+--------+--------+-----+--------+
         Total |   1572 |   1528 |     44 |    187 |   1174 |   2 |  786.0 |
       Dungeon |   1572 |   1528 |     44 |    187 |   1174 |   2 |  786.0 |
               +--------+--------+--------+--------+--------+-----+--------+

Top non-repeatable levels by time:
     D:1: 1465 daAuts
     D:2: 107 daAuts
